 Dungeon Crawl Stone Soup version 0.28.0-53-g5a82cb258f (webtiles) character file.

Game seed: 4391716668119119917

113 styxcanada the Covert (level 4, -1/23 HPs)
             Began as a Spriggan Brigand on Aug 15, 2022.
             Succumbed to an adder's poison
             ... on level 2 of the Dungeon.
             The game lasted 00:03:55 (1360 turns).

styxcanada the Covert (Spriggan Brigand)            Turns: 1360, Time: 00:03:56

Health: -1/23      AC:  3    Str:  7    XL:     4   Next: 65%
Magic:  5/5        EV: 17    Int: 12    God:
Gold:   74         SH:  0    Dex: 18    Spells: 3/3 levels left

rFire   . . .      SeeInvis +   a - +2 dagger
rCold   . . .      Faith    .   (no shield)
rNeg    . . .      Spirit   .   b - +0 robe
rPois   .          Reflect  .   (helmet restricted)
rElec   .          Harm     .   c - +0 cloak
rCorr   .          Rampage  .   (gloves unavailable)
Will    .....                   (boots unavailable)
Stlth   ++++......              (no amulet)
HPRegen 0.07/turn               (no ring)
MPRegen 0.09/turn               (no ring)

@: lethally poisoned (-1 -> -10), very quick
A: very small, no large weapons, unfitting armour, see invisible, speed 3
a: no special abilities


You were on level 2 of the Dungeon.
You visited 1 branch of the dungeon, and saw 2 of its levels.

You collected 74 gold pieces.

Inventory:

Hand Weapons
 a - a +2 dagger (weapon)
 p - a +0 hunting sling
Missiles
 d - 16 poisoned darts (quivered)
 e - 2 curare-tipped darts
 g - 2 datura-tipped darts
 i - 48 stones
Armour
 b - a +0 robe (worn)
 c - a +0 cloak (worn)
Jewellery
 f - a ring of willpower
Scrolls
 k - a scroll of torment {unknown}
 l - a scroll of noise {unknown}
 m - a scroll of teleportation {unknown}
 n - 2 scrolls of identify {unknown}
Potions
 h - a potion of heal wounds {unknown}
 j - a potion of resistance {unknown}
 o - 2 potions of might {unknown}


   Skills:
 * Level 2.0 Fighting
 + Level 2.9 Short Blades
 + Level 2.3 Throwing
 * Level 2.2 Dodging
 * Level 8.0 Stealth


You had 3 spell levels left.
You didn't know any spells.
Your spell library contained the following spells:

 Spells                   Type           Power      Damage    Failure   Level
 Static Discharge         Conj/Air       0%         N/A       45%         2
 Lightning Bolt           Conj/Air       0%         1d11      100%        5
 Maxwell's Capacitive Co  Air            0%         ∞         100%        8


Dungeon Overview and Level Annotations

Branches:
Dungeon (2/15)

Altars:
Sif Muna


Innate Abilities, Weirdness & Mutations

You are very small and have problems with some larger weapons.
You are too small for most types of armour.
You have supernaturally acute eyesight. (SInv)
You cover ground extremely quickly. (Speed+++)


Message History

A goblin comes into view. It is wielding a +0 club.
The helpless goblin fails to defend itself.
You stick the goblin like a pincushion!!!
You kill the goblin!
Things that are here:
a +0 club; a goblin corpse An adder comes into view.
Found 6 gold pieces.
A rat comes into view.
Found 14 gold pieces.
The adder closely misses you.
You barely miss the adder. The adder bites you.
You are poisoned.
The adder poisons you!
You hit the adder.
The adder is moderately wounded.
You feel sick. The adder bites you.
You hit the adder but do no damage.
The adder is moderately wounded.
The adder bites you.
You are more poisoned.
The adder poisons you!
You hit the adder but do no damage.
The adder is moderately wounded.
You feel sick. The adder bites you.
You are lethally poisoned!
The adder poisons you!
You closely miss the adder.
The adder is moderately wounded.
You feel very sick. The adder misses you.
You hit the adder but do no damage.
The adder is moderately wounded.
* * * LOW HITPOINT WARNING * * *
You feel very sick. The adder bites you.
* * * LOW HITPOINT WARNING * * *
You hit the adder.
The adder is moderately wounded.
You die...

#.# ########### # #. #.#
#.........# #
#.#####.###.).......####
.......................'
......#.###.........####
......#.# #.........# #
......#.###.........#
....r.....#.........#
......#@..#.........#
......#S$.#########...
..... #...# #... .....
#...# .... #...# ....
##... ...$ .....


You could see an adder and a rat.

Vanquished Creatures
  A black bear (D:2)
  2 endoplasms (D:1)
  2 giant cockroaches (D:1)
  4 goblins
  3 hobgoblins (D:1)
  A ball python (D:1)
  2 bats (D:1)
  3 frilled lizards (D:1)
  3 kobolds
  4 rats
25 creatures vanquished.

Notes
Turn   | Place    | Note
-------+----------+-------------------------------------------
     0 | D:1      | styxcanada the Spriggan Brigand began the quest for the
                  | Orb.
     0 | D:1      | Reached XP level 1. HP: 10/10 MP: 2/2
   283 | D:1      | Reached skill level 6 in Stealth
   336 | D:1      | Reached XP level 2. HP: 7/14 MP: 3/3
   799 | D:1      | Found a faded altar of an unknown god.
  1148 | D:2      | Found a shimmering blue altar of Sif Muna.
  1314 | D:2      | Noticed a black bear
  1321 | D:2      | Killed a black bear
  1322 | D:2      | Reached skill level 7 in Stealth
  1322 | D:2      | Reached XP level 3. HP: 18/18 MP: 4/4
  1322 | D:2      | Reached XP level 4. HP: 23/23 MP: 5/5
  1326 | D:2      | Reached skill level 8 in Stealth
  1359 | D:2      | HP: 1/23 [adder (3)]
  1360 | D:2      | Succumbed to an adder's poison

Illustrated notes

Levels and vault maps discovered:
D:1:      saegor_arrival_simple_e, layout_basic,
          chequers_ecumenical_altar_twisty
D:2:      layout_basic, basic_altar, grunt_decor_fettered

Skill      XL: |  1  2  3  4 |
---------------+-------------+-----
Stealth        | 6 7 8 |  8.0
Fighting       | 2 |  2.0
Dodging        | 2 |  2.2
Short Blades   | |  2.9
Throwing       | |  2.3

Action                   |  1- 3 |  4- 6 || total
-------------------------+-------+-------++-------
Melee: Dagger            |    56 |     9 ||    65
       Punch             |     1 |       ||     1
Throw: Dart              |     9 |       ||     9
 Stab: Sleeping          |     9 |     1 ||    10
Armor: Robe              |     6 |       ||     6
Dodge: Dodged            |    28 |     2 ||    30
